 Dungeon Crawl Stone Soup version 0.24.0-29-g8ce449bc06 (webtiles) character file.

Game seed: 931249243321239905, levelgen mode: deterministic

39 H0rd4k the Magician (level 3, -3/19 HPs)
             Began as a Deep Elf Wizard on Nov 16, 2019.
             Slain by an orc
             ... wielding a +0 club
              (5 damage)
             ... on level 3 of the Dungeon.
             The game lasted 00:05:28 (1274 turns).

H0rd4k the Magician (Deep Elf Wizard)               Turns: 1274, Time: 00:05:29

Health: -3/19      AC:  2    Str:  4    XL:     3   Next: 28%
Magic:  3/12       EV: 13    Int: 23    God:
Gold:   47         SH:  0    Dex: 13    Spells: 4/13 levels left

rFire    . . .     SeeInvis .   (no weapon)
rCold    . . .     Gourm    .   (no shield)
rNeg     . . .     Faith    .   a - +0 robe
rPois    .         Spirit   .   b - +0 hat
rElec    .         Reflect  .   (no cloak)
rCorr    .         Harm     .   (no gloves)
MR       .....                  (no boots)
Stlth    ++........             (no amulet)
HPRegen  0.06/turn              (no ring)
MPRegen  0.13/turn              (no ring)

@: no status effects
A: no striking features
a: no special abilities


You were on level 3 of the Dungeon.
You were hungry.

You visited 1 branch of the dungeon, and saw 4 of its levels.

You collected 47 gold pieces.

Inventory:

Hand Weapons
 f - a +0 dagger of speed
Armour
 a - a +0 robe (worn)
 b - a +0 hat (worn)
Scrolls
 c - a scroll of amnesia {unknown}
 e - a scroll of remove curse {unknown}
 g - a scroll of teleportation {unknown}
 h - 3 scrolls of enchant weapon {unknown}
Potions
 i - a potion of mutation {unknown}
Comestibles
 d - 4 rations


   Skills:
 + Level 2.8 Dodging
 + Level 2.7 Stealth
 + Level 5.5 Spellcasting
 + Level 1.5 Conjurations
   Level 1.1 Summonings
 + Level 1.1 Translocations


You had 4 spell levels left.
You knew the following spells:

 Your Spells              Type           Power        Failure   Level  Hunger
a - Magic Dart            Conj           ##..         4%          1    None
b - Blink                 Tloc           N/A          9%          2    None
c - Conjure Flame         Conj/Fire      #.......     21%         3    ##.....
d - Mephitic Cloud        Conj/Pois/Air  #.......     22%         3    ##.....

Your spell library contained the following spells:

 Spells                   Type           Power        Failure   Level  Hunger
 Call Imp                 Summ           ##......     9%          2    None
 Slow                     Hex            #.......     14%         2    None


Dungeon Overview and Level Annotations

Branches:
Dungeon (4/15)             Temple (0/1) D:4

Altars:

Annotations:
D:3 Grinder


Message History

A giant cockroach comes into view.
You can't go down here!
Unknown command.
Casting: Magic Dart (safe; 4% risk of failure)
Confirm with . or Enter, or press ? or * to list all spells.
You blink.
The orc hits you with a +0 club.
* * * LOW HITPOINT WARNING * * *
The giant cockroach bites you.
* * * LOW HITPOINT WARNING * * *
You see here a club.
The orc closely misses you. The orc hits you.
* * * LOW HITPOINT WARNING * * *
The giant cockroach misses you.
Unknown command.
Casting: Blink (safe; 9% risk of failure)
Confirm with . or Enter, or press ? or * to list all spells.
You blink.
The rat bites you but does no damage. The orc hits you with a +0 club.
You die...

## ..# ...#
#############...#
#...................###
#.......K..............
#.....@r#)....... #5#.#
#....o..#.......# #.#
#..o.o..#o....... #..
######..s....#.#####.# .###
#......§..o..♣r♣.♣§♣.♣.♣....
#.###.####.#o............##.
# #>..♣.♣.♣.♣.♣.♣....
#.#.#.##r.#...r.... #.#.#.#
w...#.#...P


You could see 5 orcs, a giant cockroach, a kobold and a rat.

Vanquished Creatures
  A dart slug (D:3)
  2 leopard geckos
  A giant cockroach (D:1)
  4 goblins
  3 hobgoblins (D:1)
  9 jackals
  3 bats
  3 frilled lizards
  A jackal skeleton (D:4)
  2 kobolds (D:1)
  5 rats
34 creatures vanquished.

Notes
Turn   | Place    | Note
-------+----------+-------------------------------------------
     0 | D:1      | H0rd4k the Deep Elf Wizard began the quest for the Orb.
     0 | D:1      | Reached XP level 1. HP: 10/10 MP: 7/7
   182 | D:1      | Reached XP level 2. HP: 11/15 MP: 2/9
   226 | D:1      | Reached skill level 5 in Spellcasting
   738 | D:2      | You fall into a shaft and drop 2 floors!
   739 | D:4      | Noticed a howler monkey
   740 | D:4      | Found a staircase to the Ecumenical Temple.
   811 | D:3      | Noticed Grinder
   897 | D:4      | Reached XP level 3. HP: 19/19 MP: 3/11
   901 | D:4      | Learned a level 2 spell: Blink
   905 | D:4      | Learned a level 3 spell: Conjure Flame
   909 | D:4      | Learned a level 3 spell: Mephitic Cloud
   917 | D:4      | Noticed a phantom
  1274 | D:3      | Slain by an orc

Levels and vault maps discovered:
D:1:      saegor_arrival_simple_a, layout_rooms
D:2:      layout_basic
D:3:      layout_basic, serial_forest, infiniplex_forest_clump_medium,
          infiniplex_forest_lined_3_way, infiniplex_forest_zigzag_1,
          infiniplex_forest_lined_3, infiniplex_forest_end_3,
          infiniplex_forest_clump_medium, infiniplex_forest_straight_2,
          cheibrodos_gnoll_hut, uniq_grinder
D:4:      kennysheep_goblin_castle, layout_basic,
          nemelex_xobeh_ov_fountains_minmay, minmay_temple_entry_mini_moons,
          portal_sewer_entry_b, first_ration, grunt_ministairs_15

Skill      XL: |  1  2 |
---------------+-------+-----
Spellcasting   | 5 |  5.5
Dodging        | |  2.8
Stealth        | |  2.7
Conjurations   | |  1.5
Summonings     | |  1.1
Translocations | |  1.1

Action                   || total
-------------------------++-------
 Cast: Magic Dart        ||   120
       Blink             ||     3
       Conjure Flame     ||     1
Armor: Robe              ||    13
Dodge: Dodged            ||    51
